[Event "Team 45 45 League T58"]
[Site "Internet Chess Club"]
[Date "2013.08.31"]
[Round "2"]
[White "pereelcoix"]
[Black "rayfincle"]
[Result "1/2-1/2"]
[WhiteElo "1612"]
[BlackElo "1459"]
[Opening "King's Indian: orthodox, Aronin-Taimanov variation (Yugoslav attack / Mar del Plata variation)"]
[ECO "E97"]
[Time "10:05:36"]
[TimeControl "2700+45"]

1. d4 Nf6 2. c4 g6 3. Nc3 Bg7 4. e4 d6 5. Nf3 O-O 6. Be2 e5 7. O-O Nc6 8. Be3
Ng4 9. Bg5 f6 10. Bd2 exd4 11. Nxd4 Nxf2 12. Nxc6 Nxd1 13. Nxd8 Nxc3 14. Bxc3
Rxd8 15. Bxf6 Re8 16. Bd3 Be6 17. b3 a5 18. Bxg7 Kxg7 19. Rf3 Rf8 20. Raf1 Rxf3
21. gxf3 Bh3 22. Re1 Rf8 23. Kf2 g5 24. e5 Bg4 25. Be4 Bxf3 26. Bxf3 g4 27. Kg3
gxf3 28. exd6 f2 29. Rf1 cxd6 30. h3 Kg6 31. Rxf2 Rxf2 32. Kxf2 Kf5 33. Ke3 Ke5
34. a3 d5 35. cxd5 Kxd5 36. Kd3 b5 37. h4 Kc5 38. Ke4 a4 39. bxa4 bxa4 40. Kd3
Kd5 41. Kc3 Kc5 42. h5 h6 43. Kd3 Kd5 {Game drawn by mutual agreement} 1/2-1/2

[Event "Team 45 45 League T58"]
[Site "Internet Chess Club"]
[Date "2013.09.02"]
[Round "2"]
[White "Berke"]
[Black "Andressa"]
[Result "1/2-1/2"]
[WhiteElo "1570"]
[BlackElo "1473"]
[Opening "Scotch gambit: Benima defense"]
[ECO "C44"]
[Time "18:00:50"]
[TimeControl "2700+45"]

1. e4 e5 2. Nf3 Nc6 3. d4 exd4 4. Bc4 Be7 5. c3 dxc3 6. Qd5 Nh6 7. Bxh6 O-O 8.
Bxg7 Kxg7 9. Nxc3 Nb4 10. Qd1 d6 11. Nd4 c5 12. Nf5+ Bxf5 13. exf5 a6 14. a3 Nc6
15. Qg4+ Kh8 16. Qh5 Ne5 17. Be2 d5 18. O-O Qd6 19. Rad1 d4 20. Ne4 Qd5 21. Ng5
Bxg5 22. Qxg5 Rg8 23. Qf6+ Rg7 24. g3 {Game drawn by mutual agreement} 1/2-1/2

[Event "Team 45 45 League T58"]
[Site "Internet Chess Club"]
[Date "2013.08.30"]
[Round "2"]
[White "Froggy"]
[Black "sonoftill"]
[Result "0-1"]
[WhiteElo "2201"]
[BlackElo "2196"]
[Opening "English opening"]
[ECO "A05"]
[Time "15:03:43"]
[TimeControl "2700+45"]

1. Nf3 Nf6 2. c4 e6 3. g3 b6 4. Bg2 Bb7 5. O-O c5 6. b3 Be7 7. Bb2 d6 8. e3 Nbd7
9. Qe2 O-O 10. Rd1 a6 11. Nc3 Qc7 12. d4 cxd4 13. exd4 Rfe8 14. Rac1 Rac8 15.
Nh4 Bxg2 16. Nxg2 Qb7 17. Ne3 Rc7 18. d5 e5 19. b4 Rec8 20. a4 Ne8 21. Ba3 g6
22. f4 exf4 23. gxf4 Bf8 24. Ne4 Ndf6 25. Nxf6+ Nxf6 26. Bb2 Bg7 27. Bd4 Re7 28.
Qb2 Nh5 29. Bxg7 Nxg7 30. Ng4 Kf8 31. Nf6 h6 32. Nh7+ Kg8 33. Nf6+ Kf8 34. Ng4
Re4 35. Nxh6 Rexc4 36. Rxc4 Rxc4 37. Rd4 b5 38. axb5 Qb6 {White resigns} 0-1

[Event "Team 45 45 League T58"]
[Site "Internet Chess Club"]
[Date "2013.09.02"]
[Round "2"]
[White "SlimeDog2"]
[Black "Goli"]
[Result "1-0"]
[WhiteElo "2046"]
[BlackElo "1827"]
[Opening "Benkö gambit: fianchetto variation"]
[ECO "E60"]
[Time "18:03:57"]
[TimeControl "2700+45"]

1. d4 Nf6 2. Nf3 g6 3. c4 c5 4. d5 b5 5. cxb5 a6 6. bxa6 Bxa6 7. Nc3 d6 8. g3
Bg7 9. Bg2 O-O 10. O-O Nbd7 11. Rb1 Qa5 12. Qc2 Rfb8 13. b3 c4 14. Nd4 cxb3 15.
axb3 Bb7 16. b4 Qc7 17. Nc6 Re8 18. b5 Nb6 19. e4 e6 20. Bf4 Nh5 21. Bg5 h6 22.
Bd2 Nc4 23. Rb3 Nf6 24. Bc1 exd5 25. Nxd5 Nxd5 26. Qxc4 Nb6 27. Qd3 Bxc6 28.
bxc6 Qxc6 29. Be3 Reb8 30. Rc1 Ra1 31. Rxa1 Bxa1 32. Qb1 Qa4 33. Rxb6 Rxb6 34.
Qxb6 Qd1+ 35. Bf1 Qf3 36. Qxd6 Qxe4 37. Bd3 Qa4 38. Bxh6 Qd1+ 39. Kg2 Qh5 {Black
resigns} 1-0

[Event "Team 45 45 League T58"]
[Site "Internet Chess Club"]
[Date "2013.08.29"]
[Round "2"]
[White "CogitoErgoSum"]
[Black "cysk"]
[Result "1-0"]
[WhiteElo "1871"]
[BlackElo "1790"]
[Opening "Scandinavian: Pytel-Wade variation"]
[ECO "B01"]
[Time "20:32:09"]
[TimeControl "2700+45"]

1. e4 d5 2. exd5 Qxd5 3. Nc3 Qd6 4. d4 Nf6 5. Nf3 c6 6. g3 Bg4 7. Bg2 e6 8. Bf4
Qb4 9. Qd2 Qxb2 10. Rb1 Qa3 11. O-O Bb4 12. Rb3 Qa5 13. Ne5 Bxc3 14. Rxc3 Bf5
15. Nc4 Qxa2 16. Nd6+ Kf8 17. Nxf5 exf5 18. d5 Qa5 19. Re1 Nbd7 20. dxc6 bxc6
21. Qd6+ Kg8 22. Qxc6 Rf8 23. Bc7 Nb6 24. h3 Nfd5 25. Re8 Nxc7 26. Rxf8+ Kxf8
27. Qd6+ Ke8 28. Bc6+ {Black resigns} 1-0

[Event "Team 45 45 League T58"]
[Site "Internet Chess Club"]
[Date "2013.08.31"]
[Round "2"]
[White "arhrid"]
[Black "Inquisiteur"]
[Result "1-0"]
[WhiteElo "1784"]
[BlackElo "1546"]
[Opening "Sicilian: Taimanov variation"]
[ECO "B48"]
[Time "18:00:56"]
[TimeControl "2700+45"]

1. e4 c5 2. Nf3 e6 3. d4 cxd4 4. Nxd4 Nc6 5. Nc3 Qc7 6. Be3 a6 7. Qd2 Nf6 8. f3
Bb4 9. a3 Be7 10. g4 h6 11. Nxc6 bxc6 12. Qd4 c5 13. Qd2 d5 14. exd5 exd5 15.
Bf4 Qc6 16. O-O-O Be6 17. g5 hxg5 18. Bxg5 d4 19. Ne4 Nxe4 20. fxe4 f6 21. Bf4
Rd8 22. Bg2 c4 23. e5 Qa4 24. exf6 Bxa3 25. Bc6+ Qxc6 26. bxa3 gxf6 27. Rde1 Kf7
28. Qb4 Rh5 29. Rxe6 Kxe6 30. Re1+ Re5 31. Bxe5 fxe5 32. Rxe5+ Kxe5 33. Qe7+ Qe6
34. Qxd8 c3 35. Qg5+ Kd6 36. Qd8+ Kc6 37. Qa8+ Kb5 38. Qb7+ Kc5 39. Qb4+ Kc6 40.
Qa4+ Kb7 41. Qb3+ Qxb3 42. cxb3 d3 43. h4 Kc6 44. h5 Kd6 45. h6 {Black resigns}
1-0

[Event "Team 45 45 League T58"]
[Site "Internet Chess Club"]
[Date "2013.08.28"]
[Round "2"]
[White "xwang1"]
[Black "MedRep"]
[Result "0-1"]
[WhiteElo "2122"]
[BlackElo "2055"]
[Opening "Sicilian: Canal-Sokolsky attack, Sokolsky variation"]
[ECO "B52"]
[Time "22:00:21"]
[TimeControl "2700+45"]

1. e4 c5 2. Nf3 d6 3. Bb5+ Bd7 4. Bxd7+ Qxd7 5. c4 Nf6 6. Nc3 g6 7. O-O Bg7 8.
d4 cxd4 9. Nxd4 O-O 10. f3 Rc8 11. Qd3 Na6 12. Be3 Nc5 13. Qe2 Na4 14. Nxa4 Qxa4
15. b3 Qa3 16. Nb5 Qa6 17. Rac1 b6 18. Rfd1 Qb7 19. a4 Nd7 20. Bd4 a6 21. Nc3
Bxd4+ 22. Rxd4 Nc5 23. Qb2 Qc6 24. Rdd1 Ra7 25. Kh1 Rb7 26. Nd5 Qe8 27. Nc3 Qc6
28. Qa3 a5 29. Qb2 Na6 30. Nd5 Qc5 31. Qd2 Kg7 32. Re1 e6 33. Qb2+ e5 34. Qd2 f6
35. Red1 Rd7 36. Rf1 Rf8 37. Rcd1 f5 38. Qb2 Rdf7 39. Nf4 Nc7 40. Rfe1 fxe4 41.
Nd5 exf3 42. gxf3 Rxf3 43. Rg1 Rf2 44. Qc1 Ne6 45. Qc3 R8f3 46. Qe1 Nf4 47. Nxf4
Rxf4 48. Rd5 Qa3 49. Qe3 Qb2 50. Qh3 Qe2 51. Qd3 Rxh2# {White checkmated} 0-1

[Event "Team 45 45 League T58"]
[Site "Internet Chess Club"]
[Date "2013.09.01"]
[Round "2"]
[White "koni"]
[Black "Greedy-Reedy"]
[Result "0-1"]
[WhiteElo "1931"]
[BlackElo "2022"]
[Opening "Réti opening"]
[ECO "A04"]
[Time "12:00:54"]
[TimeControl "2700+45"]

1. Nf3 g6 2. c4 Bg7 3. e4 b6 4. d4 Bb7 5. Nc3 d6 6. Bd3 Nd7 7. O-O e5 8. d5 Nc5
9. Bc2 a5 10. b3 Ne7 11. Rb1 O-O 12. a3 Bc8 13. b4 Nb7 14. Ne1 f5 15. f3 f4 16.
Nd3 g5 17. c5 axb4 18. axb4 bxc5 19. bxc5 h5 20. Nb5 Nxc5 21. Nxc5 dxc5 22. Bb3
Kh7 23. Qc2 g4 24. Qxc5 gxf3 25. gxf3 Bh3 26. Rf2 Ng6 27. Kh1 Nh4 28. Ba3 Rf7
29. Rg1 Bf8 30. Qc1 Bxa3 31. Nxa3 Qd6 32. Nc4 Qc5 33. Qb2 Rg8 34. Rxg8 Kxg8 35.
Ba2 Rg7 36. d6 Kh7 37. Qxe5 Qxe5 38. Nxe5 cxd6 39. Nd3 Nxf3 40. Rxf3 Bg2+ 41.
Kg1 Bxf3+ 42. Kf1 Bxe4 43. Nxf4 Kh6 44. Kf2 Ra7 45. Be6 Ra3 46. Nh3 d5 47. Ng1
Ra2+ 48. Ke3 Rxh2 49. Ne2 Kg5 50. Ng3 h4 51. Ne2 Rh1 52. Nc3 h3 53. Nxd5 Bxd5
54. Bxd5 Rg1 55. Kf2 h2 56. Be4 h1=Q 57. Bxh1 Rxh1 {White resigns} 0-1

[Event "Team 45 45 League T58"]
[Site "Internet Chess Club"]
[Date "2013.08.30"]
[Round "2"]
[White "DeepGreen"]
[Black "poni"]
[Result "1-0"]
[WhiteElo "1896"]
[BlackElo "1889"]
[Opening "Philidor: Improved Hanham variation"]
[ECO "B07"]
[Time "14:11:01"]
[TimeControl "2700+45"]

1. e4 d6 2. d4 Nf6 3. Nc3 e5 4. Nf3 Nbd7 5. Bc4 Be7 6. O-O O-O 7. a4 c6 8. Re1
a5 9. Be3 Ng4 10. Qd2 Nxe3 11. Qxe3 Qc7 12. Rad1 exd4 13. Nxd4 Ne5 14. Bb3 g6
15. h3 Bf6 16. f4 Nd7 17. f5 Ne5 18. g4 Qe7 19. Rf1 Bg5 20. Qg3 b6 21. Nf3 Bf6
22. Kh1 Nxf3 23. Qxf3 Ba6 24. Rf2 Bh4 25. Rfd2 Rad8 26. Rg2 Qe5 27. g5 gxf5 28.
g6 fxe4 29. Qxf7+ Rxf7 30. gxf7+ Kf8 31. Rg8+ Ke7 32. Rxd8 Kxd8 33. f8=Q+ Kd7
34. Qf7+ Be7 35. Qxh7 d5 36. Nxd5 {Black resigns} 1-0

[Event "Team 45 45 League T58"]
[Site "Internet Chess Club"]
[Date "2013.08.31"]
[Round "2"]
[White "nurmi"]
[Black "laurenpar"]
[Result "1/2-1/2"]
[WhiteElo "1972"]
[BlackElo "1957"]
[Opening "Sicilian: Canal-Sokolsky (Nimzovich-Rossolimo, Moscow) attack"]
[ECO "B51"]
[Time "22:01:09"]
[TimeControl "2700+45"]

1. e4 c5 2. Nf3 d6 3. Bb5+ Nd7 4. d4 cxd4 5. Qxd4 a6 6. Bxd7+ Bxd7 7. c4 h6 8.
O-O Nf6 9. Nc3 e6 10. Rd1 Be7 11. b3 Qa5 12. Bb2 O-O 13. e5 dxe5 14. Nxe5 Rfd8
15. Ne4 Be8 16. Qc3 Qxc3 17. Nxc3 Rxd1+ 18. Rxd1 Rd8 19. Kf1 Rxd1+ 20. Nxd1 Nd7
21. Nd3 f6 22. Ke2 Nc5 23. Nxc5 Bxc5 24. Ne3 Kf7 25. f3 Ke7 26. Nc2 h5 27. Ne3
b5 28. a3 Bg6 29. cxb5 axb5 30. a4 bxa4 31. bxa4 Be8 32. a5 Bb5+ 33. Kd2 Kd6 34.
Bc3 Kc6 35. g4 hxg4 36. fxg4 e5 37. Nf5 Bf8 {Game drawn by mutual agreement}
1/2-1/2

[Event "Team 45 45 League T58"]
[Site "Internet Chess Club"]
[Date "2013.09.01"]
[Round "2"]
[White "jps7"]
[Black "mugurelt"]
[Result "1/2-1/2"]
[WhiteElo "1714"]
[BlackElo "1799"]
[Opening "Queen's pawn: Yusupov-Rubinstein system"]
[ECO "A46"]
[Time "15:08:37"]
[TimeControl "2700+45"]

1. d4 Nf6 2. Nf3 e6 3. e3 c5 4. b3 cxd4 5. exd4 d5 6. Bd3 Qa5+ 7. Nbd2 Ne4 8.
Bxe4 dxe4 9. Ne5 Qc3 10. Rb1 e3 11. fxe3 Qxe3+ 12. Qe2 Qxe2+ 13. Kxe2 Nd7 14.
Ndf3 f6 15. Nc4 b5 16. Na3 Ba6 17. b4 Nb6 18. c3 Rc8 19. Bd2 Nd5 20. Rbc1 Bd6
21. g3 O-O 22. Kf2 e5 23. Rhe1 Nc7 24. Nb1 Bb7 25. Nh4 g6 26. a3 Nd5 27. Ng2 e4
28. Ne3 f5 29. Nxd5 Bxd5 30. Bh6 Rf7 31. Ke3 Rfc7 32. Kd2 Rf7 33. Bf4 Bxf4+ 34.
gxf4 g5 35. Rg1 Kh8 36. Rxg5 Rg8 37. Rxg8+ Kxg8 38. Rg1+ Rg7 39. Rxg7+ Kxg7 40.
Ke3 Kh6 41. Kf2 Kh5 42. Kg3 e3 43. c4 Bxc4 44. Nc3 e2 45. Kf2 Kg4 46. d5 Kxf4
47. d6 Be6 48. Nxb5 Ke5 49. Nxa7 Kxd6 50. Nb5+ Ke5 51. Nc3 Kd4 52. Nxe2+ Kc4 53.
Nf4 Bd7 54. Nh5 Kb3 55. Nf6 Bb5 56. Nxh7 Kxa3 57. Kf3 Kxb4 58. Kf4 Kc5 59. h4
Kd6 60. Ng5 Ke7 61. Kxf5 Kf8 62. Kf6 Be2 63. Ne6+ Kg8 64. Nf4 Bf3 65. Ng6 Kh7
66. Kg5 Kg7 67. Ne5 Bd1 68. Ng4 Bxg4 69. Kxg4 Kh6 70. h5 Kh7 71. Kg5 Kg7 72. h6+
Kh8 73. Kg6 Kg8 74. h7+ Kh8 75. Kh6 {Black stalemated} 1/2-1/2

[Event "Team 45 45 League T58"]
[Site "Internet Chess Club"]
[Date "2013.08.28"]
[Round "2"]
[White "noblitz-oblige"]
[Black "misuc56"]
[Result "1/2-1/2"]
[WhiteElo "1579"]
[BlackElo "1845"]
[Opening "Sicilian defense"]
[ECO "B32"]
[Time "22:50:09"]
[TimeControl "2700+45"]

1. e4 c5 2. Nf3 Nc6 3. d4 cxd4 4. Nxd4 d6 5. Nc3 g6 6. Bc4 Bg7 7. Be3 Bd7 8. O-O
a6 9. Bb3 Nf6 10. Qd2 h5 11. h3 Rb8 12. Rad1 Na5 13. f4 b5 14. e5 Nxb3 15. Nxb3
dxe5 16. fxe5 Nh7 17. Nc5 Bf5 18. Qf2 Qc8 19. g4 hxg4 20. hxg4 e6 21. gxf5 gxf5
22. Qd2 Bxe5 23. Qd7+ Kf8 24. Nxe6+ fxe6 25. Bh6+ Kg8 26. Rf2 Qxd7 27. Rxd7 Nf6
28. Rg7+ Kf8 29. Rh7+ Kg8 30. Rg7+ Kf8 31. Rh7+ Kg8 32. Rg7+ Kf8 33. Rh7+ Kg8
34. Rg7+ Kf8 35. Rh7+ {Game drawn by repetition} 1/2-1/2

[Event "Team 45 45 League T58"]
[Site "Internet Chess Club"]
[Date "2013.08.29"]
[Round "2"]
[White "WOLFSPELZ"]
[Black "Mitochondria"]
[Result "0-1"]
[WhiteElo "1413"]
[BlackElo "1447"]
[Opening "Trompowsky attack (Ruth, Opocenský opening)"]
[ECO "A45"]
[Time "10:00:08"]
[TimeControl "2700+45"]

1. d4 Nf6 2. Bg5 e6 3. e3 h6 4. Bh4 Be7 5. Bxf6 Bxf6 6. Nd2 O-O 7. Bd3 Nc6 8. c3
d6 9. Qc2 Re8 10. Ngf3 d5 11. O-O e5 12. dxe5 Nxe5 13. Nxe5 Bxe5 14. Nf3 Bd6 15.
Rad1 Bg4 16. Be2 c6 17. Nd4 Bxe2 18. Nxe2 Qc7 19. h3 Rad8 20. Nd4 g6 21. Nf3 Qe7
22. Rd3 Qe4 23. Rfd1 Rd7 24. Kf1 Re6 25. Nd4 Rf6 26. b4 a6 27. a4 h5 28. Qe2 Qe8
29. Nf3 Re7 30. Rd4 Re4 31. Rxe4 Qxe4 32. b5 Qxa4 33. bxc6 bxc6 34. Kg1 Re6 35.
Nd4 Re8 36. Qf3 Rb8 37. Rf1 Be5 38. Qe2 Bxd4 39. cxd4 Qb5 40. Qf3 a5 41. Qf6 a4
42. Qd6 Ra8 43. Rc1 a3 44. Rc5 Qb1+ 45. Kh2 Qb8 46. Qxb8+ Rxb8 47. Ra5 Rb3 48.
Kg3 Kg7 49. h4 Kf6 50. Kf4 Ke6 51. g4 Rc3 52. gxh5 gxh5 53. Kg5 Rc2 54. Rxa3
Rxf2 55. Kxh5 Rg2 56. Rc3 Kd6 57. Kh6 Rg3 58. h5 f5 59. Kh7 f4 60. Rxc6+ Kxc6
61. exf4 Kd6 62. f5 Ke7 63. h6 Kf6 64. Kh8 Kxf5 65. h7 Rh3 66. Kg8 Ke4 67. h8=Q
Rxh8+ 68. Kxh8 Kxd4 69. Kg7 Kc3 70. Kf6 d4 71. Ke5 d3 72. Ke4 d2 {White resigns}
0-1

[Event "Team 45 45 League T58"]
[Site "Internet Chess Club"]
[Date "2013.09.02"]
[Round "2"]
[White "pmxpp"]
[Black "supermessi"]
[Result "0-1"]
[WhiteElo "1456"]
[BlackElo "1565"]
[Opening "QGD Slav: Soultanbéieff variation"]
[ECO "D16"]
[Time "16:02:05"]
[TimeControl "2700+45"]

1. d4 d5 2. c4 c6 3. Nf3 Nf6 4. Nc3 dxc4 5. a4 e6 6. Bg5 Be7 7. e4 O-O 8. Bxc4
h6 9. Bf4 Bb4 10. e5 Nd5 11. Bd2 Nd7 12. O-O N7b6 13. Bb3 a5 14. Ne4 Be7 15. Qe2
Qc7 16. Rfc1 Nd7 17. Ne1 Qb6 18. Qd3 c5 19. dxc5 Bxc5 20. Bxd5 exd5 21. Qxd5 Bd4
22. Bc3 Bc5 23. Nxc5 Qxc5 24. Qxc5 Nxc5 25. Rd1 Be6 26. Nd3 Nb3 27. Ra3 Rfd8 28.
Kf1 Rd7 29. Ke2 Rad8 {White forfeits on time} 0-1

[Event "Team 45 45 League T58"]
[Site "Internet Chess Club"]
[Date "2013.08.30"]
[Round "2"]
[White "nidusin2"]
[Black "Goldenberg"]
[Result "0-1"]
[WhiteElo "1668"]
[BlackElo "1920"]
[Opening "Sicilian: closed"]
[ECO "B23"]
[Time "20:06:41"]
[TimeControl "2700+45"]

1. e4 c5 2. Nc3 g6 3. d3 Bg7 4. Bd2 Nc6 5. g3 Nf6 6. Bg2 O-O 7. Nge2 Re8 8. O-O
e6 9. f4 d5 10. e5 Nd7 11. Nb5 f6 12. Nd6 Rf8 13. Bh3 Qe7 14. Nxc8 Raxc8 15.
exf6 Nxf6 16. Nc3 Rce8 17. Re1 Nd4 18. Bg2 Qd6 19. Be3 a6 20. Ne2 Ng4 21. Bd2
Nxe2+ 22. Qxe2 Bd4+ 23. Kh1 Nf2+ 24. Kg1 Nxd3+ 25. Kh1 Nxe1 26. Rxe1 Bxb2 27.
Bh3 e5 28. f5 gxf5 29. Bxf5 Rxf5 {White resigns} 0-1

[Event "Team 45 45 League T58"]
[Site "Internet Chess Club"]
[Date "2013.09.03"]
[Round "2"]
[White "JasonModer"]
[Black "Ajolote"]
[Result "1-0"]
[WhiteElo "1535"]
[BlackElo "1574"]
[Opening "Sicilian: dragon variation"]
[ECO "B70"]
[Time "19:31:10"]
[TimeControl "2700+45"]

1. e4 c5 2. Nf3 d6 3. d4 cxd4 4. Nxd4 Nf6 5. Nc3 g6 6. Bc4 a6 7. Nf3 Bg7 8. e5
dxe5 9. Qxd8+ Kxd8 10. Nxe5 Re8 11. Nxf7+ Kc7 12. O-O Bf5 13. Bf4+ Kb6 14. Na4+
Ka5 15. b3 b5 16. Bc7+ Kb4 17. a3# {Black checkmated} 1-0

[Event "Team 45 45 League T58"]
[Site "Internet Chess Club"]
[Date "2013.09.01"]
[Round "2"]
[White "monkeyshark"]
[Black "Elton2013"]
[Result "1-0"]
[WhiteElo "1586"]
[BlackElo "1454"]
[Opening "Giuoco Piano"]
[ECO "C54"]
[Time "19:00:22"]
[TimeControl "2700+45"]

1. e4 e5 2. Nf3 Nc6 3. Bc4 Bc5 4. c3 Nf6 5. d4 Bd6 6. Ng5 O-O 7. Qb3 Qe7 8. Qd1
exd4 9. Qe2 dxc3 10. Nxc3 Nd4 11. Qd3 c5 12. O-O b6 13. f4 Bc7 14. e5 Ne8 15.
Qxh7# {Black checkmated} 1-0

[Event "Team 45 45 League T58"]
[Site "Internet Chess Club"]
[Date "2013.08.30"]
[Round "2"]
[White "moodle"]
[Black "Insan996"]
[Result "1/2-1/2"]
[WhiteElo "1442"]
[BlackElo "1552"]
[Opening "Caro-Kann: exchange variation"]
[ECO "B13"]
[Time "10:07:36"]
[TimeControl "2700+45"]

1. e4 c6 2. d4 d5 3. exd5 cxd5 4. Bd3 Nc6 5. c3 g6 6. Bf4 Bg7 7. Nf3 Nf6 8. Nbd2
O-O 9. O-O Bg4 10. h3 Bxf3 11. Nxf3 a6 12. Re1 Re8 13. Qd2 b5 14. a4 Qb6 15.
axb5 axb5 16. Rxa8 Rxa8 17. Qe2 b4 18. Bb5 Ne4 19. Bxc6 Qxc6 20. cxb4 Qb6 21.
Ng5 Qxd4 22. Nxe4 dxe4 23. Qxe4 Qxe4 24. Rxe4 Bxb2 25. Rxe7 Ra1+ 26. Kh2 Bd4 27.
b5 Kf8 28. Rd7 Bxf2 29. Rd8+ Ke7 30. Rd5 Rb1 31. Re5+ Kd7 32. Rd5+ Ke6 33. Re5+
Kf6 34. g4 h6 35. Rd5 Ke6 36. Rd6+ Ke7 37. Rd5 Ke6 38. Rd6+ Ke7 39. Rd5 Ke6 40.
Rd6+ {Game drawn by repetition} 1/2-1/2

[Event "Team 45 45 League T58"]
[Site "Internet Chess Club"]
[Date "2013.08.30"]
[Round "2"]
[White "smsxman"]
[Black "Bible-Believer"]
[Result "0-1"]
[WhiteElo "1446"]
[BlackElo "1696"]
[Opening "Sicilian: Kan, 5.Nc3"]
[ECO "B43"]
[Time "11:58:43"]
[TimeControl "2700+45"]

1. e4 c5 2. Nf3 e6 3. Nc3 a6 4. d4 cxd4 5. Nxd4 Qc7 6. Be2 Nc6 7. O-O Nf6 8. Bf3
Bd6 9. Nxc6 dxc6 10. g3 O-O 11. Bg5 Be7 12. Bf4 e5 13. Be3 Bh3 14. Re1 Rad8 15.
Qe2 Rd7 16. Na4 Qa5 17. b3 h6 18. Bb6 Qd2 19. Qc4 Be6 20. Qc3 Qxc3 21. Nxc3 Bb4
22. Re3 Rd2 23. a3 Be7 24. Re2 Rxe2 25. Nxe2 Nd7 26. Be3 Rd8 27. c4 Bc5 28. Bd2
Nf8 29. Bc3 f6 30. Kg2 Bf7 31. Ba5 b6 32. Bc3 Ne6 33. h4 Nd4 34. Nxd4 Bxd4 35.
Bxd4 Rxd4 36. Rd1 Bg6 37. Rxd4 exd4 38. Kf1 c5 39. Ke2 Kf7 40. Kd3 Ke7 41. b4
Kd6 42. Bg2 Ke5 43. f4+ Kd6 44. Bh3 Bf7 45. Bc8 a5 46. bxa5 bxa5 47. Bg4 Be6 48.
Bf3 g6 49. g4 Bf7 50. Be2 g5 51. fxg5 hxg5 52. hxg5 fxg5 53. Bf3 Ke5 54. Ke2
Bxc4+ {White resigns} 0-1

[Event "Team 45 45 League T58"]
[Site "Internet Chess Club"]
[Date "2013.08.30"]
[Round "2"]
[White "BotanicalKnight"]
[Black "fuzzface"]
[Result "1-0"]
[WhiteElo "1482"]
[BlackElo "1352"]
[Opening "King's pawn opening"]
[ECO "B07"]
[Time "19:00:40"]
[TimeControl "2700+45"]

1. e4 d6 2. Nc3 e5 3. g3 Nc6 4. Bg2 Nf6 5. d3 Be7 6. f4 Bg4 7. Qd2 a6 8. h3 Bd7
9. g4 Nxg4 10. hxg4 Bh4+ 11. Kf1 Bxg4 12. Nf3 Bxf3 13. Bxf3 Nd4 14. Qg2 Qf6 15.
Nd5 Qd8 16. Qxg7 Rf8 17. Qg4 Nxf3 18. Qxf3 Rg8 19. Qh5 c6 20. Qxh7 Rg4 21. Qh5
Rg6 22. Qh8+ Kd7 23. Qxd8+ Bxd8 24. f5 Rg8 25. Nc3 Bb6 26. b3 Rg7 27. Bb2 Rag8
28. Ne2 f6 29. d4 Rg4 30. dxe5 fxe5 31. Nc3 Rf4+ 32. Ke1 Rf2 33. Kd1 Be3 34. Ne2
Rgg2 35. Re1 Rh2 36. Bc1 Bc5 37. Bd2 Rh4 38. Nc3 Rhh2 39. Ne2 Rh4 40. Nc3 Bb4
41. a3 Rhh2 42. Ne2 Bxd2 43. Kxd2 Rh4 44. Ke3 Rg2 45. Rg1 Rh3+ 46. Kd2 Rf2 47.
Raf1 Rxf1 48. Rxf1 Rh4 49. Ke3 d5 50. exd5 cxd5 51. f6 Rh8 52. f7 Rf8 53. Nc1
Ke6 54. Nd3 b6 55. Nb4 a5 56. Na2 Rxf7 57. Rxf7 Kxf7 58. a4 Ke6 59. c3 Kd6 60.
Kd3 Kc6 61. c4 Kc5 62. cxd5 Kxd5 63. Nc3+ Kc5 64. Nb5 Kb4 65. Kc2 e4 66. Nc3 e3
67. Nd5+ Kc5 68. Nxe3 b5 69. Kc3 b4+ 70. Kb2 Kd4 71. Nc4 Kc5 72. Nxa5 Kb6 73.
Nc4+ Kc5 74. Kc2 Kd4 75. Kd2 Kd5 76. Kd3 Kc5 77. Ke4 Kc6 78. Kd4 {Black resigns}
1-0

[Event "Team 45 45 League T58"]
[Site "Internet Chess Club"]
[Date "2013.08.31"]
[Round "2"]
[White "kingsrook"]
[Black "Toalla"]
[Result "0-1"]
[WhiteElo "1259"]
[BlackElo "1308"]
[Opening "QGD: 3.Nc3"]
[ECO "D31"]
[Time "13:02:53"]
[TimeControl "2700+45"]

1. d4 d5 2. c4 e6 3. Nc3 g6 4. Nf3 Bg7 5. Bf4 c6 6. e3 Nf6 7. h3 Nbd7 8. Bd3 O-O
9. O-O Re8 10. Rc1 Kh8 11. Bd6 dxc4 12. Bxc4 Nb6 13. Ng5 Kg8 14. Nce4 h6 15.
Nxf6+ Bxf6 16. Ne4 Bg7 17. Bb3 f5 18. Be5 fxe4 19. Qg4 Qg5 20. Qxe4 Bxe5 21.
Qxe5 Qxe5 22. dxe5 Nd5 23. Rfd1 g5 24. g3 Bd7 25. a4 Rad8 26. a5 a6 27. e4 Ne7
28. Ba4 Ng6 29. Rc5 Bc8 30. Rd6 Nf8 31. Kg2 Nd7 32. Rc3 Nxe5 33. Rxd8 Rxd8 34.
f4 Rd2+ 35. Kf1 Nd3 36. Kg1 Kg7 37. e5 Nf2 38. h4 g4 39. h5 Rxb2 40. Rc2 Rxc2
41. Bxc2 Nh3+ 42. Kg2 Bd7 43. Be4 Be8 44. Kf1 Bxh5 45. Kg2 Bg6 46. Bxg6 Kxg6 47.
Kf1 Kf5 48. Ke2 Ke4 49. Kf1 Kf3 50. Ke1 Kxg3 51. f5 Ng5 52. f6 h5 53. Kf1 c5 54.
Ke1 c4 55. Kd2 h4 56. Kc3 h3 57. Kxc4 h2 58. Kc5 h1=Q 59. Kd6 Qc6+ 60. Ke7 Qc5+
61. Ke8 Qxe5 62. f7 Nxf7 63. Kxf7 Qxa5 64. Kxe6 Qc7 65. Kf5 b5 {White resigns}
0-1

[Event "Team 45 45 League T58"]
[Site "Internet Chess Club"]
[Date "2013.09.01"]
[Round "2"]
[White "RudiV"]
[Black "Invicta-Knight"]
[Result "0-1"]
[WhiteElo "1451"]
[BlackElo "1492"]
[Opening "Queen's pawn: London system"]
[ECO "A45"]
[Time "06:00:23"]
[TimeControl "2700+45"]

1. d4 Nf6 2. Bf4 d6 3. e3 h6 4. h3 Bf5 5. Bd3 Qd7 6. Nf3 Nc6 7. e4 Nxe4 8. Qe2
Nf6 9. Bxf5 Qxf5 10. Nc3 Qxf4 11. O-O a6 12. a3 Nxd4 13. Nxd4 Qxd4 14. Rad1 Qb6
15. b4 e6 16. Qf3 O-O-O 17. Rfe1 d5 18. Na4 Qc6 19. Qb3 Be7 20. Rb1 Qb5 21. Nc3
Qc4 22. Qb2 d4 23. Ne4 Nxe4 24. Rxe4 Qc3 25. Qxc3 dxc3 26. Rc4 Bf6 27. a4 Rd2
28. Rc1 Rhd8 29. b5 a5 30. Kf1 Rd1+ 31. Rxd1 Rxd1+ 32. Ke2 Rd2+ 33. Ke1 Rxc2 34.
Rc5 Rxf2 35. b6 c6 36. Rxa5 Rxg2 37. Ra8+ Kd7 38. Kd1 c2+ 39. Kc1 Bg5+ 40. Kb2
c1=Q+ {White resigns} 0-1

[Event "Team 45 45 League T58"]
[Site "Internet Chess Club"]
[Date "2013.08.30"]
[Round "2"]
[White "BrerRabbit"]
[Black "jjaillet2007"]
[Result "1-0"]
[WhiteElo "1489"]
[BlackElo "1371"]
[Opening "Queen's pawn game"]
[ECO "D02"]
[Time "20:00:51"]
[TimeControl "2700+45"]

1. d4 d5 2. Nf3 e6 3. e3 c5 4. c3 Nc6 5. Bd3 Bd6 6. O-O Nf6 7. Nbd2 O-O 8. dxc5
Bxc5 9. e4 d4 10. Nb3 Bb6 11. e5 Nd7 12. cxd4 f6 13. exf6 Nxf6 14. Bc4 Nd5 15.
Bg5 Nf6 16. Re1 h6 17. Bh4 Qd6 18. Bg3 Qe7 19. d5 Nb4 20. dxe6 Rd8 21. Qe2 a5
22. a3 Nc6 23. Rad1 a4 24. Rxd8+ Nxd8 25. Nbd4 Bxd4 26. Nxd4 g6 27. Nb5 Nc6 28.
Bd6 Qe8 29. e7+ Kg7 30. Nc7 Qd7 31. Nxa8 Qxd6 32. e8=Q Nxe8 33. Qxe8 Qd7 34.
Qxd7+ Bxd7 35. Be6 Bxe6 36. Rxe6 Kf7 37. Re4 b5 38. Nc7 Nd8 39. Nxb5 Nc6 40.
Rxa4 {Black resigns} 1-0

[Event "Team 45 45 League T58"]
[Site "Internet Chess Club"]
[Date "2013.09.01"]
[Round "2"]
[White "globulon"]
[Black "matthewc"]
[Result "0-1"]
[WhiteElo "1440"]
[BlackElo "1362"]
[Opening "French: King's Indian attack"]
[ECO "C00"]
[Time "09:00:27"]
[TimeControl "2700+45"]

1. e4 e6 2. d3 d5 3. Nd2 Nf6 4. Ngf3 dxe4 5. dxe4 Nc6 6. g3 Bc5 7. Bg2 Ng4 8.
O-O Bxf2+ 9. Rxf2 Nxf2 10. Kxf2 Nd4 11. c3 Nxf3 12. Nxf3 Qxd1 {White resigns}
0-1